 Dungeon Crawl Stone Soup version 0.31-a0-1019-g3dd9dd1025 (webtiles) character file.

Game seed: 9861477932183401347

872 Azuregosa the Covert (level 8, -10/55 HPs)
             Began as an Octopode Delver on Nov 17, 2023.
             Was an Initiate of Gozag.
             Mangled by a large abomination (30 damage)
             ... on level 1 of the Abyss.
             The game lasted 00:14:52 (4449 turns).

Azuregosa the Covert (Octopode Delver)              Turns: 4449, Time: 00:14:53

Health: -10/55     AC:  1    Str: 11    XL:     8   Next: 4%
Magic:  9/9        EV: 15    Int: 12    God:    Gozag
Gold:   538        SH:  0    Dex: 16    Spells: 6/9 levels left

rFire   . . .        r - +2 falchion (freeze)
rCold   . . .        (no shield)
rNeg    . . .        (helmet restricted)
rPois   .            (no amulet)
rElec   .            v - ring of wizardry
rCorr   .            (no ring)
SInv    .            (no ring)
Will    .....        (no ring)
Stlth   +++++        (no ring)
HPRegen 0.29/turn    (no ring)
MPRegen 0.11/turn    (no ring)
                     (no ring)

%: wizardry (x1)
@: no status effects
A: almost no armour, amphibious, 8 rings, camouflage 1, gelatinous body 1,
(nimble swimmer 1), tentacles
a: Renounce Religion, Potion Petition, Call Merchant, Bribe Branch


You were on level 1 of the Abyss.
You worshipped Gozag.
Gozag was pleased with you.
You visited 2 branches of the dungeon, and saw 6 of its levels.
You visited the Abyss 1 time.
You also visited: Sewer.

You collected 621 gold pieces.
You spent 24 gold pieces at shops.
You paid 59 gold pieces to Gozag.

Inventory:

Hand Weapons
 a - a +0 short sword
 r - a +2 falchion of freezing (weapon)
Missiles
 g - 34 stones
 E - 2 throwing nets
Armour
 y - an orb of energy
 A - a +0 tower shield
 B - the orb "Icwadei" {guile, Harm rElec rC+}
   (You found it on level 2 of the Dungeon)

   rC+:       It protects you from cold.
   rElec:     It insulates you from electricity.
   Harm:      It increases damage dealt and taken.
Jewellery
 v - a ring of wizardry (left tentacle)
Talismans
 u - a flux talisman
Wands
 f - a wand of digging (3)
 o - a wand of mindburst (19)
 q - a wand of charming (4)
Scrolls
 b - a scroll of fog
 d - 3 scrolls of enchant weapon {unknown}
 i - a scroll of blinking {unknown}
 k - 2 scrolls of fear
 l - 3 scrolls of revelation
 m - 5 scrolls of identify {unknown}
 x - 2 scrolls of teleportation {unknown}
 D - a scroll of silence {unknown}
Potions
 c - 2 potions of brilliance {unknown}
 e - 5 potions of haste
 h - a potion of invisibility {unknown}
 j - 2 potions of magic {unknown}
 n - a potion of attraction {unknown}
 p - 2 potions of curing
 s - a potion of mutation {unknown}
 t - a potion of ambrosia {unknown}
 w - a potion of might {unknown}
 z - a potion of cancellation {unknown}
 C - a potion of lignification {unknown}


   Skills:
 + Level 5.2 Fighting
 - Level 4.1(4.3) Short Blades
 + Level 1.7(3.1) Long Blades
 + Level 4.5 Dodging
 - Level 9.0 Stealth
 + Level 0.0 Shields
 + Level 1.0 Spellcasting
 + Level 1.1 Ice Magic


You had 6 spell levels left.
You knew the following spells:

 Your Spells              Type           Power      Damage    Failure   Level
a - Ozocubu's Armour      Ice            3%         N/A       22%         3

Your spell library contained the following spells:

 Spells                   Type           Power      Damage    Failure   Level
 Magic Dart               Conj           0%         1d3       12%         1
 Sting                    Tmut/Pois      0%         1d3       12%         1
 Call Imp                 Summ           0%         N/A       17%         2
 Poisonous Vapours        Pois/Air       0%         N/A       17%         2
 Sublimation of Blood     Necr           0%         N/A       17%         2
 Wereblood                Tmut           0%         N/A       17%         2
 Mephitic Cloud           Conj/Pois/Air  0%         N/A       32%         3
 Olgreb's Toxic Radiance  Pois           0%         N/A       71%         4
 Petrify                  Tmut/Erth      0%         N/A       71%         4
 Irradiate                Conj/Tmut      0%         3d11      96%         5
 Ozocubu's Refrigeration  Ice            1%         4d7       100%        7
 Summon Hydra             Summ           0%         N/A       100%        7


Dungeon Overview and Level Annotations

Branches:
Dungeon (5/15)             Temple (1/1) D:4           Sewer (visited)

Altars:
Ashenzari
Cheibriados
Dithmenos
Fedhas
Gozag
Hepliaklqana
Kikubaaqudgha
Makhleb
Okawaru
Qazlal
Ru
Sif Muna
Trog
Vehumet
Wu Jian
Zin

Shops:
D:1 *   D:2 :(   D:4 *


Innate Abilities, Weirdness & Mutations

You cannot wear most types of armour.
You are amphibious.
You can wear up to eight rings at the same time.
Your skin changes colour to match your surroundings (Stealth+).
Your rubbery body absorbs attacks. (AC +1, EV +1)
((You are camouflaged when in or above water. (Stealth+)))
You have tentacles for arms and can constrict up to eight enemies at once.


Message History

This branch contains the abyssal rune of Zot.
A large abomination and a sun demon come into view.
Found 3 boomerangs and 14 gold pieces.
The helpless large abomination fails to defend itself.
You hit the large abomination but do no damage.
Your squeeze misses the large abomination.
You hit the large abomination but do no damage.
You squeeze the large abomination, but do no damage.
The large abomination hits you.
You barely miss the large abomination. The large abomination hits you!!
Ouch! That really hurt!
The sun demon shouts!
You hear a screech!
You hit the large abomination but do no damage.
You squeeze the large abomination, but do no damage.
You hit the large abomination. You freeze the large abomination.
You squeeze the large abomination, but do no damage.
The large abomination is lightly damaged.
The large abomination misses you.
You hit the large abomination. You freeze the large abomination.
You squeeze the large abomination.
The large abomination is moderately damaged.
The large abomination barely misses you. x2
You barely miss the large abomination.
The large abomination is moderately damaged.
The large abomination closely misses you.
You barely miss the large abomination.
The large abomination is moderately damaged.
The large abomination misses you.
You hit the large abomination. You freeze the large abomination.
The large abomination is moderately damaged.
The large abomination barely misses you.
You hit the large abomination. You freeze the large abomination.
The large abomination is heavily damaged.
The large abomination hits you.
You hit the large abomination. You freeze the large abomination.
The large abomination is heavily damaged.
The large abomination hits you!!
Ouch! That really hurt!
You die...
Your body crumbles into a pile of gold. ####### #@X3≈$# ####.##

You could see a sun demon and a large abomination.

Vanquished Creatures
  Sigmund (D:2)
  2 bullfrogs (Sewer)
  2 scorpions
  An orc priest (D:4)
  A gnoll bouda (D:3)
  A hound (D:4)
  Ijyb (D:4)
  A sleepcap (D:4)
  2 iguanas
  An orc wizard (D:3)
  3 gnolls (D:3)
  5 river rats (Sewer)
  9 adders
  4 dart slugs
  5 orcs
  6 bats
  9 endoplasms
  A giant cockroach (D:4)
  5 goblins
  10 hobgoblins
  8 jackals
  11 kobolds
  A quokka (D:3)
  14 ball pythons
  5 frilled lizards
  24 rats
133 creatures vanquished.

Notes
Turn   | Place    | Note
-------+----------+-------------------------------------------
     0 | D:5      | Azuregosa the Octopode Delver began the quest for the Orb.
     0 | D:5      | Reached XP level 1. HP: 16/16 MP: 1/1
   142 | D:5      | Noticed an iguana
   146 | D:5      | Found a glowing drain.
   151 | Sewer    | Entered a sewer
   183 | Sewer    | Reached XP level 2. HP: 6/21 MP: 2/2
   256 | Sewer    | HP: 1/21 [adder (4)]
   317 | Sewer    | Reached XP level 3. HP: 6/26 MP: 3/3
   426 | Sewer    | Reached skill level 7 in Stealth
   553 | Sewer    | Reached XP level 4. HP: 24/31 MP: 4/4
   825 | Sewer    | Noticed a bullfrog
   825 | Sewer    | Noticed a bullfrog
   845 | Sewer    | Killed a bullfrog
   846 | Sewer    | Reached XP level 5. HP: 4/37 MP: 5/5
   848 | Sewer    | HP: 1/37 [adder (3)]
   850 | Sewer    | Reached XP level 6. HP: 2/43 MP: 6/6
  1316 | D:4      | Noticed Ijyb
  1393 | D:3      | Reached skill level 8 in Stealth
  1492 | D:4      | Killed Ijyb
  1716 | D:4      | Reached XP level 7. HP: 49/49 MP: 7/7
  1732 | D:4      | Found Xiassuoxt's CLEARANCE SALE!.
  1840 | D:4      | Bought a potion of curing for 12 gold pieces
  1840 | D:4      | Bought a potion of curing for 12 gold pieces
  1847 | D:4      | Found a staircase to the Ecumenical Temple.
  1940 | Temple   | Entered the Ecumenical Temple
  1955 | Temple   | Became a worshipper of Gozag Ym Sagoz the Greedy
  2506 | D:2      | Reached skill level 1 in Long Blades
  2632 | D:1      | Found a transporter.
  2636 | D:1      | Found Ziepta's Assorted Antiques.
  2656 | D:1      | Found a transporter.
  2716 | D:1      | Learned a level 3 spell: Ozocubu's Armour
  2829 | D:1      | Found a faded altar of an unknown god.
  3024 | D:1      | Reached skill level 5 in Fighting
  3508 | D:2      | Found Cuamufei's Antique Weapon Emporium.
  3520 | D:2      | Found Ysou's Book Shop.
  3525 | D:2      | Identified the orb "Icwadei" {guile, Harm rElec rC+}
  3646 | D:2      | Noticed Sigmund
  3654 | D:2      | Killed Sigmund
  4008 | D:3      | Reached skill level 1 in Ice Magic
  4014 | D:3      | Reached skill level 9 in Stealth
  4014 | D:3      | Reached skill level 1 in Spellcasting
  4014 | D:3      | Reached XP level 8. HP: 15/55 MP: 9/9
  4438 | Abyss:1  | Noticed a large abomination
  4438 | Abyss:1  | Noticed a sun demon
  4438 | Abyss:1  | Cast into level 1 of the Abyss (orc)
  4449 | Abyss:1  | Mangled by a large abomination

Illustrated notes

Levels and vault maps discovered:
D:1:      lightli_arrival_flooded_house, layout_basic,
          shapermc_ecumenical_altar_mp_vishouse, serial_shops,
          nicolae_shop_drivethru, minmay_pentomino_x4
D:2:      layout_basic, serial_shops, shop, shop,
          chequers_serial_rivers_micro_e, kennysheep_generic_room_12,
          uniq_sigmund
D:3:      layout_basic
D:4:      layout_rooms, minmay_temple_entry_offerings, nicolae_shop_clearance,
          uniq_ijyb
D:5:      layout_basic, lemuel_coloured_pillars_altar,
          mainiacjoe_sewer_entry_somewhere_in_here_1
Temple:   nicolae_temple_slightly_damp_pantheon
Abyss:1:  base: D:4, hangedman_cross_veins, evilmike_abyss_exit_15

Skill      XL: |  1  2  3  4  5  6  7 |
---------------+----------------------+-----
Stealth        | 7 8 9 |  9.0
Short Blades   | 3 4 |  4.1
Dodging        | 3 4 |  4.5
Fighting       | 4 5 |  5.2
Long Blades    | 1 |  1.7
Ice Magic      | 1 |  1.1
Spellcasting   | 1 |  1.0

Action                     |  1- 3 |  4- 6 |  7- 9 || total
---------------------------+-------+-------+-------++-------
  Melee: Short sword       |    33 |    92 |    25 ||   150
         Tentacles         |    10 |    15 |    34 ||    59
         Constrict         |    11 |    21 |    33 ||    65
         Punch             |       |     3 |     3 ||     6
         Falchion          |       |       |   115 ||   115
    Use: Scroll            |     2 |       |       ||     2
         Potion            |       |       |     1 ||     1
   Stab: Sleeping          |     1 |     9 |    26 ||    36
 Armour: Skin              |    14 |    41 |    52 ||   107
  Dodge: Dodged            |    19 |    59 |    86 ||   164

Table legend: (Time is in decaauts)
 A = Elapsed time spent in this place.
 B = Non-inter-level travel time spent in this place.
 C = Inter-level travel time spent in this place.
 D = Time resting spent in this place.
 E = Time spent auto-exploring this place.
 F = Levels seen in this place.
 G = Mean time per level.
                   A        B        C        D        E       F      G
               +--------+--------+--------+--------+--------+-----+--------+
         Total |   4443 |   4352 |     91 |   1200 |   1749 |   8 |  555.4 |
       Dungeon |   3296 |   3205 |     91 |    555 |   1693 |   5 |  659.2 |
        Temple |     29 |     29 |      0 |      0 |      0 |   1 |   29.0 |
         Abyss |     12 |     12 |      0 |      0 |      0 |   1 |   12.0 |
         Sewer |   1105 |   1105 |      0 |    645 |     56 |   1 | 1105.0 |
               +--------+--------+--------+--------+--------+-----+--------+

Top non-repeatable levels by time:
     D:3: 1163 daAuts
   Sewer: 1105 daAuts
     D:1: 743 daAuts
     D:2: 594 daAuts
     D:4: 537 daAuts
     D:5: 259 daAuts
  Temple: 29 daAuts
 Abyss:1: 12 daAuts
